 Dungeon Crawl Stone Soup version 0.31-a0-1626-g5cb510d322 (webtiles) character file.

Game seed: 13207489631795612898

536445 Strat the Metallomancer (level 24, -53/218 (221) HPs)
             Began as a Grey Draconian Conjurer on Jan 12, 2024.
             Was an Elder of Sif Muna.
             Killed from afar by an orb of fire (66 damage)
             ... with a fireball
             ... on level 5 of the Realm of Zot on Jan 13, 2024.
             The game lasted 05:54:03 (119269 turns).

Strat the Metallomancer (Grey Draconian Conjurer) Turns: 119269, Time: 05:54:04

HP:   -53/218 (221) AC: 28    Str: 25    XL:     24   Next: 59%
MP:   47/47         EV: 29    Int: 25    God:    Sif Muna [****..]
Gold: 3173          SH: 13    Dex: 11    Spells: 4/64 levels left

rFire   . . .        b - +7 hammer "Hodiax" {heavy, rPois rC+ rCorr Int+2}
rCold   + . .        t - +2 kite shield {reflect}
rNeg    . . .        (body armour unavailable)
rPois   +            i - +2 hat
rElec   .            Z - +2 cloak
rCorr   +            r - +2 pair of gloves {Stlth+}
SInv    +            g - +2 pair of boots
Will    ++...        A - amulet of the acrobat
Stlth   +++          U - ring of Wask {Will+ rCorr Str+3}
HPRegen 0.56/turn    k - ring "Juufi Exki" {rPois Str+6 SInv}
MPRegen 0.30/turn

%: reflection, acrobat
@: silenced (expiring), acrobatic, studying 2 skills, lightly drained
A: AC +17, amphibious, unfitting armour, cold-blooded, dopey 1, strong 1
}: 3/15 runes: decaying, serpentine, silver
a: Renounce Religion


You were on level 5 of the Realm of Zot.
You worshipped Sif Muna.
Sif Muna was greatly pleased with you.
You visited 10 branches of the dungeon, and saw 48 of its levels.
You visited the Abyss 2 times.

You collected 6796 gold pieces.
You spent 3623 gold pieces at shops.

Inventory:

Hand Weapons
 b - the +7 hammer "Hodiax" (weapon) {heavy, rPois rC+ rCorr Int+2}
   (You found it on level 5 of the Dungeon)

   Int+2:     It affects your intelligence (+2).
   rC+:       It protects you from cold.
   rPois:     It protects you from poison rCorr: It protects you from acid and
   corrosion.
Missiles
 f - 5 throwing nets
Armour
 g - a +2 pair of boots (worn)
 i - a +2 hat (worn)
 r - a +2 pair of gloves of stealth (worn)
 t - a +2 kite shield of reflection (worn)
 Z - a +2 cloak (worn)
Magical Staves
 a - the staff of the Grave {rElec rPois Air}
   (You found it on level 3 of the Elven Halls)

   [staff of air]

   Base accuracy: +5 Base damage: 5 Base attack delay: 1.2 This weapon's minimum
   attack delay (0.6) is reached at skill level 12.
   rElec:     It insulates you from electricity.
   rPois:     It protects you from poison Air: It increases the power of your
   Air spells.
   It falls into the 'Staves' category.
   It is a one-handed weapon.
Jewellery
 k - the ring "Juufi Exki" (right hand) {rPois Str+6 SInv}
   (You took it off a deep elf pyromancer on level 3 of the Elven Halls)

   [ring of strength]

   Str+6:     It affects your strength (+6).
   rPois:     It protects you from poison SInv: It lets you see invisible.
 o - the ring of Finality {Ice ^Contam Will+++ rCorr MP+9}
   (You found it on level 3 of the Elven Halls)

   [ring of ice]

   Ice:       It enhances your ice magic.
   rF-:       It makes you vulnerable to fire.
   rC+:       It protects you from cold.
   Will+++:   It greatly increases your willpower.
   MP+9:      It affects your magic capacity (+9).
   ^Contam:   It causes magical contamination when unequipped.
   rCorr:     It protects you from acid and corrosion.
 A - an amulet of the acrobat (around neck)
 O - a ring of protection from fire
 Q - an amulet of reflection
 R - the ring "Geannus" {rN+ rCorr Int+7 Stlth-}
   (You found it on level 5 of the Vaults)

   [ring of positive energy]

   Int+7:     It affects your intelligence (+7).
   rN+:       It protects you from negative energy.
   rCorr:     It protects you from acid and corrosion.
   Stlth-:    It makes you less stealthy.
 U - the ring of Wask (left hand) {Will+ rCorr Str+3}
   (You found it on level 15 of the Dungeon)

   [ring of willpower]

   Str+3:     It affects your strength (+3).
   Will+:     It increases your willpower.
   rCorr:     It protects you from acid and corrosion.
Wands
 s - a wand of flame (71)
 z - a wand of roots (68)
 F - a wand of mindburst (11)
 V - a wand of acid (6)
 W - a wand of polymorph (17)
 X - a wand of paralysis (28)
 Y - a wand of digging (34)
Scrolls
 m - a scroll of enchant armour
 v - a scroll of vulnerability
 w - a scroll of enchant weapon
 C - 6 scrolls of fog
 I - 5 scrolls of revelation
 J - 6 scrolls of teleportation
 M - 7 scrolls of immolation
 N - 7 scrolls of poison
Potions
 c - 6 potions of enlightenment
 d - 2 potions of invisibility
 e - a potion of attraction
 h - 2 potions of berserk rage
 l - 7 potions of lignification
 p - 4 potions of ambrosia
 u - 2 potions of mutation
 x - 2 potions of curing
 E - 4 potions of brilliance
 P - 2 potions of cancellation
 T - 7 potions of might
Miscellaneous
 q - a phantom mirror
 B - a box of beasts (inert)
 D - a lightning rod (4/4)


   Skills:
 - Level 19.0 Fighting
 + Level 2.8 Maces & Flails
 - Level 10.0 Dodging
 - Level 6.0 Stealth
 - Level 10.0 Shields
 - Level 20.8 Spellcasting
 - Level 17.0 Conjurations
 - Level 4.0 Necromancy
 - Level 4.0 Translocations
 - Level 26.2 Earth Magic
 - Level 12.0 Alchemy
 - Level 10.0 Invocations
 - Level 10.0 Evocations


You had 4 spell levels left.
You knew the following spells:

 Your Spells              Type           Power      Damage    Failure   Level
a - Lee's Rapid Deconstr  Erth           51%        3d24*     0%          5
b - Shatter               Erth           51%        3d39*     6%          9
c - Blink                 Tloc           92%        N/A       1%          2
d - Iskenderun's Mystic   Conj/Tloc      68%        2d14      1%          4
e - Borgnjor's Vile Clut  Necr/Erth      40%        N/A       1%          5
f - Olgreb's Toxic Radia  Alch           72%        N/A       1%          4
g - Apportation           Tloc           92%        N/A       1%          1
h - Stone Arrow           Conj/Erth      100%       3d13      0%          3
i - Bombard               Conj/Erth      47%        9d8       1%          6
j - Passwall              Erth           100%       N/A       0%          3
k - Irradiate             Conj/Alch      39%        3d24      1%          5
l - Lehudib's Crystal Sp  Conj/Erth      47%        10d11     2%          8
m - Iskenderun's Battles  Conj           84%        2d13      1%          5

Your spell library contained the following spells:

 Spells                   Type           Power      Damage    Failure   Level
 Magic Dart               Conj           100%       1d8       0%          1
 Sandblast                Erth           100%       2d20      0%          1
 Sting                    Conj/Alch      100%       1d9       0%          1
 Searing Ray              Conj           100%       2d8       0%          2
 Brom's Barrelling Bould  Conj/Erth      94%        2d10      0%          4
 Leda's Liquefaction      Alch/Erth      44%        N/A       0%          4
 Petrify                  Alch/Erth      88%        N/A       0%          4
 Foxfire                  Conj/Fire      100%       2x1d9     1%          1
 Kiss of Death            Conj/Necr      100%       2d13      1%          1
 Necrotise                Necr           100%       1d9       1%          1
 Shock                    Conj/Air       100%       1d9       1%          1
 Cigotuvi's Dreadful Rot  Necr/Alch/Air  100%       N/A       1%          2
 Mercury Vapours          Alch/Air       100%       N/A       1%          2
 Momentum Strike          Conj/Tloc      100%       3d10      1%          2
 Static Discharge         Conj/Air       100%       3-8/arc   1%          2
 Sublimation of Blood     Necr           46%        N/A       1%          2
 Dazzling Flash           Conj/Hex       100%       N/A       1%          3
 Fugue of the Fallen      Necr           46%        N/A       1%          3
 Hailstorm                Conj/Ice       62%        3d11      1%          3
 Mephitic Cloud           Conj/Alch/Air  65%        N/A       1%          3
 Vampiric Draining        Necr           46%        2d9       1%          3
 Flame Wave               Conj/Fire      62%        2d14      1%          4
 Fulminant Prism          Conj/Alch      39%        3d17      1%          4
 Freeze                   Ice            100%       1d10      2%          1
 Slow                     Hex            100%       N/A       2%          1
 Summon Small Mammal      Summ           100%       N/A       2%          1
 Ignite Poison            Fire/Alch      54%        N/A       2%          4
 Sticky Flame             Fire/Alch      54%        2d10      2%          4
 Volatile Blastmotes      Fire/Tloc      72%        2d16      3%          3
 Call Imp                 Summ           52%        N/A       4%          2
 Ensorcelled Hibernation  Hex/Ice        52%        N/A       4%          2
 Jinxbite                 Hex            52%        N/A       4%          2
 Scorch                   Fire           52%        2d7       4%          2
 Animate Dead             Necr           46%        N/A       5%          4
 Dispel Undead            Necr           46%        3d18      5%          4
 Call Canine Familiar     Summ           26%        N/A       9%          3
 Confusing Touch          Hex            26%        N/A       9%          3
 Frozen Ramparts          Ice            52%        1d8       9%          3
 Inner Flame              Hex/Fire       26%        N/A       9%          3
 Ozocubu's Armour         Ice            26%        N/A       9%          3
 Sigil of Binding         Hex            26%        N/A       9%          3
 Summon Ice Beast         Ice/Summ       26%        N/A       9%          3
 Anguish                  Hex/Necr       18%        N/A       12%         4
 Dimensional Bullseye     Hex/Tloc       18%        N/A       12%         4
 Martyr's Knell           Necr/Summ      36%        N/A       12%         4
 Vhi's Electric Charge    Tloc/Air       72%        N/A       12%         4
 Airstrike                Air            13%        2d(2-18)  26%         4
 Cause Fear               Hex            13%        N/A       26%         4
 Summon Blazeheart Golem  Fire/Summ      26%        N/A       26%         4
 Summon Lightning Spire   Summ/Air       26%        N/A       26%         4
 Alistair's Intoxication  Alch           48%        N/A       1%          5
 Arcjolt                  Conj/Air       31%        1d41      2%          5
 Fireball                 Conj/Fire      31%        3d13      2%          5
 Orb of Destruction       Conj           42%        9d12      2%          7
 Eringya's Noxious Bog    Alch           36%        4d6       3%          6
 Yara's Violent Unravell  Hex/Alch       27%        3d12      6%          5
 Freezing Cloud           Conj/Ice/Air   26%        6-21      8%          5
 Conjure Ball Lightning   Conj/Air       31%        3x3d10    13%         6
 Starburst                Conj/Fire      31%        6d9       13%         6
 Curse of Agony           Necr           46%        N/A       14%         5
 Summon Forest            Summ/Tloc      18%        N/A       32%         5
 Sculpt Simulacrum        Ice/Alch       27%        N/A       34%         6
 Spellforged Servitor     Conj/Summ      31%        N/A       56%         7
 Metabolic Englaciation   Hex/Ice        13%        N/A       58%         5
 Summon Mana Viper        Hex/Summ       26%        N/A       58%         5
 Death Channel            Necr           23%        N/A       63%         6
 Plasma Beam              Fire/Air       13%        2x1d24    99%         6
 Summon Cactus Giant      Summ           13%        N/A       99%         6
 Enfeeble                 Hex            13%        N/A       100%        7
 Haunt                    Necr/Summ      18%        N/A       100%        7
 Malign Gateway           Summ/Tloc      18%        N/A       100%        7
 Ozocubu's Refrigeration  Ice            13%        4d10      100%        7
 Summon Hydra             Summ           13%        N/A       100%        7
 Discord                  Hex            13%        N/A       100%        8
 Disjunction              Tloc           23%        N/A       100%        8
 Ignition                 Fire           13%        3d6       100%        8
 Infestation              Necr           23%        N/A       100%        8
 Maxwell's Capacitive Co  Air            13%        ∞         100%        8
 Summon Horrible Things   Summ           13%        N/A       100%        8
 Chain Lightning          Conj/Air       31%        3d41      100%        9
 Dragon's Call            Summ           13%        N/A       100%        9
 Fire Storm               Conj/Fire      31%        8d8       100%        9
 Polar Vortex             Ice            13%        12d1*     100%        9
 Animate Armour           Summ/Erth      Unusable   N/A       N/A         4

Dungeon Overview and Level Annotations

Branches:
Dungeon (15/15)            Temple (1/1) D:6            Lair (5/5) D:11
  Swamp (4/4) Lair:3        Snake (4/4) Lair:3        Slime (0/5) Lair:4
    Orc (2/2) D:10            Elf (3/3) Orc:2        Vaults (5/5) D:14
  Crypt (0/3) Vaults:2     Depths (4/4) D:15            Zot (5/5) Depths:4

Altars:
Ashenzari
Cheibriados
Dithmenos
Elyvilon
Fedhas
Gozag
Hepliaklqana
Kikubaaqudgha
Makhleb
Nemelex Xobeh
Okawaru
Qazlal
Ru
Sif Muna
Trog
Uskayaw
Vehumet
Wu Jian
Xom
Yredelemnul
Zin
The Shining One
Jiyva
Lugonu

Shops:
D:4 *   D:9 *:   D:11 :   Orc:1 **   Orc:2 [!:?   Elf:2 [   Elf:3 =:
Snake:1 ([!*   Vaults:3 [   Depths:1 ![   Depths:3 :

Portals:
Hell: Depths:1 Depths:2 Depths:3 Depths:4
Abyss: Depths:3 Depths:4
Pandemonium: Depths:2 Depths:3
Ziggurat: Depths:4

Annotations:
D:12 1 runed translucent door, Sundig's ghost, journeyman FoFi
D:15 ChaoticPyre's ghost, journeyman DsGl
Lair:5 exclusion: oklob plant
Swamp:1 Mlioglotl
Orc:1 3 runed translucent doors, osoart's ghost, journeyman DjFE
Elf:1 20 runed translucent doors
Elf:2 4 runed translucent doors, Azoth's ghost, journeyman HOFi
Depths:3 1 transporter


Innate Abilities, Weirdness & Mutations

Your dull iron-grey scales are very hard. (AC +17)
You are amphibious.
You cannot fit into any form of body armour.
You are cold-blooded and may be slowed by cold attacks.
You are dopey. (Int -2)
Your muscles are strong. (Str +4, Int/Dex -1)


Message History

Your juvenile batox beast hits the dread lich.
Your juvenile batox beast closely misses the dread lich.
The dread lich closely misses your juvenile batox beast.
The orb of fire glows red.
The bolt of fire hits you!!
* * * LOW HITPOINT WARNING * * *
The orb of fire glows red.
The bolt of fire hits you!!
* * * LOW HITPOINT WARNING * * *
Your juvenile batox beast misses the orb of fire.
Your juvenile batox beast closely misses the orb of fire.
Your juvenile batox beast hits the dread lich.
Your juvenile batox beast closely misses the dread lich.
Your juvenile batox beast hits the dread lich but does no damage.
Your juvenile batox beast tramples the dread lich.
The dread lich holds its ground!
The orb of fire glows red.
The fireball explodes!
The fireball engulfs you!!
* * * LOW HITPOINT WARNING * * *
The dread lich touches your juvenile batox beast.
Magic scrolls do not work when you're silenced!
You feel better.
The orb of fire is no longer covered in acid.
Your juvenile batox beast hits the dread lich!
Your juvenile batox beast tramples the dread lich but does no damage.
The orb of fire glows yellow.
The fireball explodes!
The fireball engulfs you!!
* * * LOW HITPOINT WARNING * * *
You feel better.
Your juvenile batox beast hits the dread lich!
Your juvenile batox beast tramples the dread lich.
The dread lich stumbles backwards!
The dread lich casts a spell at you.
Your juvenile batox beast suddenly stops moving!
The orb of fire glows deep purple.
The fireball explodes!
The fireball engulfs you!!!
* * * LOW HITPOINT WARNING * * *
The orb of fire glows deep purple.
The fireball explodes!
The fireball engulfs you!!!
You die...

#...........# #...........^.
##...........## #............^
#......)......# ##............
##......2......## ##...........
#.....2.*.......# ##.......^..
########.######## ▓▓▓###########
#.2# #.[.......=..#
########L###########.##########.#
..........H...*.@......# ####..
..§....................# ######
...≈.............⌠.....# ###...
...§≈≈......########.### ####.##
...≈≈≈§.....# #.######......
...≈§≈≈.....# #(#.........##
...≈≈≈≈.≈...########.#<........#.
...≈≈...§..................≈...#.
..§≈§§.....^..............≈≈...#.


You could see an orb of fire and a friendly juvenile batox beast (summoned,
paralysed).

Vanquished Creatures
  2 orbs of fire (Zot:5)
  2 ancient liches
  Mara (Depths:1)
  Sojobo (Depths:4)
  The ghost of Fiowez the Gelid, a veteran HuAl of Hepliaklqana (Zot:3)
  The ghost of Udaatz Gaow the Conqueror, a veteran MiBe of Trog (Zot:2)
  The ghost of Aldia the Invulnerable, a veteran AtFi of Okawaru (Zot:3)
  2 Killer Klowns (Zot:5)
  A curse toe (Zot:3)
  A caustic shrike (Depths:2)
  11 golden dragons
  A bone dragon (Depths:4)
  An electric golem (Zot:1)
  2 hellephants (Depths:4)
  3 liches
  11 tentacled monstrosities
  11 Orb Guardians (Zot:5)
  Asterion (Depths:2)
  5 quicksilver dragons
  3 deep elf blademasters (Elf:3)
  11 sphinxes
  7 titans
  A walking frostbound tome (Depths:2)
  5 deep elf master archers (Elf:3)
  2 tentacled starspawn (Abyss:3)
  Gastronok (D:11)
  Frances (D:13)
  A thorn hunter (Swamp:3)
  Kirke (Lair:3)
  Roxanne (Swamp:1)
  5 death cobs
  5 protean progenitors
  7 nagarajas (Snake:4)
  Donald (Vaults:3)
  10 storm dragons
  8 shadow dragons
  9 tengu reavers
  4 draconian knights
  5 fire giants
  3 draconian monks
  4 draconian shifters
  8 frost giants
  Louise (Swamp:3)
  23 vault wardens
  2 ghost moths
  3 deep elf elementalists (Elf:3)
  5 deep elf sorcerers
  5 iron dragons
  4 draconian scorchers
  A caustic shrike zombie (Depths:2)
  4 spectral caustic shrikes (Depths:1)
  2 orc warlords
  4 draconian stormcallers
  10 stone giants
  18 ironbound preservers
  2 draconian annihilators
  4 formless jellyfish
  2 spriggan defenders
  A broodmother (Zot:3)
  7 green draconians
  4 ironbound thunderhulks
  A caustic shrike skeleton (Depths:2)
  3 very ugly things
  Nessos (Lair:4)
  5 eleionomae
  5 deep elf demonologists
  4 deep elf death magi (Elf:3)
  A vampire knight (Vaults:2)
  5 deep elf annihilators
  A lorocyproca (Depths:3)
  10 dire elephants
  8 white draconians
  11 yellow draconians
  7 black draconians
  6 red draconians
  3 spark wasps (Depths:2)
  2 war gargoyles (Vaults:4)
  2 bunyips (Swamp:4)
  6 purple draconians
  11 ettins
  3 crystal guardians (Vaults:4)
  6 fire dragons
  4 deep elf high priests
  3 jiangshi
  3 shambling mangroves
  Josephine (D:15)
  2 entropy weavers
  Harold (Lair:2)
  2 entropy weavers (shapeshifter)
  8 great orbs of eyes
  2 rakshasas (Depths:2)
  4 salamander tyrants
  9 yaktaur captains
  36 vault guards
  25 hydras
  4 ghost crabs
  10 ironbound frosthearts
  4 spriggan air magi
  4 ice dragons
  2 jorogumos (Zot:5)
  5 alligators
  5 centaur warriors
  A radroach (Zot:4)
  3 ogre magi
  3 peacekeepers (Vaults:4)
  2 catoblepae
  A sphinx zombie (Vaults:2)
  13 anacondas
  3 boulder beetles
  11 dancing weapons
  9 deep troll earth magi
  6 naga warriors
  6 two-headed ogres
  3 deep troll shamans
  A titan zombie (Depths:2)
  A sphinx skeleton (Vaults:1)
  2 thrashing horrors (Abyss:3)
  10 hell hogs
  2 occultists (Depths:3)
  A death yak (Lair:5)
  6 tengu warriors
  5 orc high priests (Orc:2)
  Nergalle (Lair:3)
  2 vampire magi
  5 hell knights (Depths:3)
  11 shock serpents
  A spriggan berserker (Depths:2)
  A skyshark (Lair:5)
  A shock serpent (shapeshifter) (Vaults:5)
  9 naga sharpshooters
  5 deep elf knights
  5 skeletal warriors
  2 spatial maelstroms (Abyss:3)
  6 salamander mystics
  5 iron trolls
  A sixfirhy (Depths:3)
  A sea snake (shapeshifter) (Vaults:5)
  8 goliath frogs
  4 spriggan druids
  2 orb spiders (shapeshifter)
  5 large abominations (Abyss:3)
  10 swamp dragons
  2 glowing orange brains (Depths:4)
  8 arcanists
  11 mana vipers
  3 flayed ghosts
  A glowing orange brain (shapeshifter) (Vaults:4)
  Pikel (D:7)
  3 bog bodies
  48 deep trolls
  5 naga ritualists
  4 lindwurms
  4 deep elf archers
  12 orc knights
  27 ironbound convokers
  10 phantasmal warriors
  2 tengu skeletons
  8 necromancers
  18 deep elf zephyrmancers
  30 deep elf pyromancers
  4 will-o-the-wisps
  5 cyclopes
  14 elephants
  2 manticores (D:12)
  25 moths of wrath
  Maurice (Orc:1)
  18 ugly things
  A manticore (shapeshifter) (Vaults:5)
  2 fauns (shapeshifter) (Vaults:5)
  2 orc sorcerers (D:15)
  A meliai (shapeshifter) (Vaults:4)
  2 human skeletons
  18 vault sentinels
  2 meliai (D:15)
  17 salamanders
  5 kobold blastminers
  19 naga magi
  3 guardian serpents
  An eye of devastation (shapeshifter) (Elf:2)
  A human zombie (Vaults:2)
  A rust devil (Depths:3)
  3 smoke demons (Abyss:3)
  29 black mambas
  An unseen horror (shapeshifter) (D:13)
  5 cane toads
  A yaktaur zombie (Vaults:2)
  A gargoyle (D:8)
  2 unseen horrors (D:11)
  A hellion (Abyss:3)
  19 yaktaurs
  3 komodo dragons
  3 freezing wraiths
  5 ancient zymes (Abyss:3)
  A tormentor (Depths:3)
  7 trolls
  3 bloated husks
  A queen bee (shapeshifter) (D:14)
  8 polar bears
  A queen bee (D:15)
  10 tyrant leeches
  2 glass eyes (Depths:2)
  20 hornets
  3 raiju
  3 blink frogs (Lair:5)
  5 dream sheep (Lair:5)
  35 slime creatures
  5 wyverns
  25 spriggans
  5 water elementals
  4 small abominations (Abyss:3)
  6 wraiths
  2 air elementals (Elf:3)
  66 yaks
  A shadow (D:12)
  A ynoxinul (Abyss:3)
  7 hogs (Lair:3)
  Grum (D:9)
  2 fire elementals
  5 basilisks
  A steam dragon (D:10)
  3 redbacks (Vaults:3)
  2 wargs
  2 neqoxecs (Abyss:3)
  A swamp worm (shapeshifter) (Vaults:5)
  13 vampire mosquitoes
  2 acid dragons
  41 nagas
  11 swamp worms
  An acid dragon (shapeshifter) (D:14)
  10 water moccasins
  2 glowing shapeshifter skeletons
  10 swamp drakes
  A sky beast (D:4)
  An ice beast (D:6)
  27 orc warriors
  9 ogres
  5 black bears
  15 boggarts
  36 wolves
  14 centaurs
  2 lemures
  2 weeping skulls (Abyss:3)
  2 earth elementals (Elf:3)
  A gnoll sergeant (D:7)
  8 bullfrogs
  3 scorpions
  A hornet simulacrum (Vaults:1)
  Dowan (D:7)
  18 wights
  11 killer bees
  13 howler monkeys
  7 electric eels
  2 jellies
  2 bombardier beetles (D:5)
  3 gnoll boudas
  3 hounds
  A quasit (Abyss:3)
  Crazy Yiuf (D:5)
  An iguana (D:5)
  28 orc priests
  2 starcursed masses (Abyss:3)
  An iron imp (Abyss:3)
  16 orc wizards
  5 hell rats (Lair:1)
  17 gnolls
  9 adders
  A shadow imp (D:6)
  2 white imps
  4 dart slugs
  3 ribbon worms (D:2)
  80 orcs
  14 bats
  7 endoplasms
  3 giant cockroaches
  11 hobgoblins
  5 jackals
  8 ball pythons
  4 frilled lizards
  9 goblins
  14 kobolds
  5 rats
  3 aspiring fleshes (Zot:4)
  A butterfly (Lair:5)
  A fulminant prism (D:9)
  A starspawn tentacle (Abyss:3)
1859 creatures vanquished.

Vanquished Creatures (collateral kills)
  A deep elf demonologist (Elf:1)
  A hydra (Lair:4)
  A peacekeeper (Vaults:4)
  A skyshark (Lair:4)
  Duvessa (D:7)
5 creatures vanquished.

Vanquished Creatures (others)
  3 deep trolls (Vaults:3)
  A deep elf pyromancer (Elf:1)
  A salamander (Snake:3)
  An unseen horror (D:13)
  A bloated husk (Swamp:4)
  2 centaurs (D:13)
  4 foxfires (Swamp:4)
  108 fulminant prisms
  6 starspawn tentacles (Abyss:3)
127 creatures vanquished.

Grand Total: 1991 creatures vanquished

Notes
Turn   | Place    | Note
-------+----------+-------------------------------------------
     0 | D:1      | Strat the Draconian Conjurer began the quest for the Orb.
     0 | D:1      | Reached XP level 1. HP: 14/14 MP: 3/3
   229 | D:1      | Reached XP level 2. HP: 20/20 MP: 1/5
   275 | D:1      | Learned a level 2 spell: Searing Ray
  1032 | D:1      | Reached XP level 3. HP: 26/26 MP: 3/6
  1760 | D:2      | Reached skill level 5 in Conjurations
  2151 | D:2      | Reached XP level 4. HP: 33/33 MP: 0/8
  2451 | D:2      | Learned a level 2 spell: Blink
  2839 | D:2      | Found a faded altar of an unknown god.
  3101 | D:3      | Found a glowing drain.
  3111 | D:3      | Learned a level 4 spell: Iskenderun's Mystic Blast
  3419 | D:3      | Reached XP level 5. HP: 38/38 MP: 3/9
  3683 | D:3      | Found a basalt altar of Yredelemnul.
  3985 | D:4      | Noticed a sky beast
  3998 | D:4      | Killed a sky beast
  3999 | D:4      | Reached skill level 1 in Translocations
  4195 | D:4      | Found a glowing silver altar of Zin.
  4265 | D:4      | Reached XP level 6. HP: 45/45 MP: 6/11
  4808 | D:4      | Found Uzyruuhew's Assorted Antiques.
  5583 | D:5      | Entered Level 5 of the Dungeon
  5608 | D:5      | Found a shadowy altar of Dithmenos.
  5777 | D:5      | Your scales start taking on a dull iron-grey colour.
  5777 | D:5      | Reached XP level 7. HP: 50/50 MP: 8/13
  6224 | D:5      | Reached skill level 1 in Fighting
  6432 | D:5      | Found a runed translucent door.
  6433 | D:5      | Identified the +7 hammer "Hodiax" {heavy, rPois rC+ rCorr
                  | Int+2}
  6433 | D:5      | Noticed Crazy Yiuf
  6436 | D:5      | Found the +6 shillelagh "Devastator" {shatter}
  6447 | D:5      | Killed Crazy Yiuf
  6837 | D:6      | Reached XP level 8. HP: 42/62 MP: 5/14
  7022 | D:6      | Found a staircase to the Ecumenical Temple.
  7059 | Temple   | Entered the Ecumenical Temple
  7111 | Temple   | Became a worshipper of Sif Muna the Loreminder
  7248 | D:6      | Found an opulent altar of Gozag.
  7249 | D:6      | Found a bloodstained altar of Trog.
  7437 | D:7      | Noticed Duvessa
  7447 | D:7      | Killed Duvessa
  7448 | D:7      | Reached skill level 5 in Spellcasting
  7501 | D:7      | Noticed Dowan
  7519 | D:7      | Learned a level 4 spell: Fulminant Prism
  7720 | D:7      | Reached skill level 5 in Fighting
  7940 | D:7      | Noticed Pikel
  8182 | D:7      | Reached skill level 1 in Alchemy
  8483 | D:7      | Killed Pikel
  8484 | D:7      | Reached XP level 9. HP: 74/74 MP: 1/18
  8630 | D:7      | Reached * piety under Sif Muna
  8709 | D:7      | Reached skill level 10 in Conjurations
  9268 | D:7      | Killed Dowan
 10135 | D:8      | Reached ** piety under Sif Muna
 10173 | D:8      | Reached XP level 10. HP: 75/83 MP: 1/22
 10566 | D:8      | Found a radiant altar of Vehumet.
 10763 | D:8      | Noticed a gargoyle
 10779 | D:8      | Killed a gargoyle
 10855 | D:8      | Found a faded altar of an unknown god.
 10857 | D:8      | Found a hazy altar of Hepliaklqana.
 10913 | D:8      | Found a sparkling altar of Nemelex Xobeh.
 11009 | D:9      | Noticed Grum
 11073 | D:9      | Killed Grum
 11432 | D:9      | Noticed a two-headed ogre
 11439 | D:9      | Found a stormy altar of Qazlal.
 11472 | D:8      | Reached skill level 5 in Stealth
 11770 | D:9      | Killed a two-headed ogre
 12038 | D:9      | Reached *** piety under Sif Muna
 12178 | D:9      | Learned a level 4 spell: Olgreb's Toxic Radiance
 12345 | D:9      | Reached XP level 11. HP: 91/95 MP: 9/24
 12587 | D:9      | Found Ruxkasax's Assorted Antiques.
 12603 | D:9      | Bought a pair of runed gloves for 232 gold pieces
 12603 | D:9      | Bought a scroll of teleportation for 93 gold pieces
 12671 | D:9      | Found Waehuq's Book Emporium.
 12752 | D:10     | Entered Level 10 of the Dungeon
 12780 | D:10     | Identified the +1 leather armour "Cisch" {Int+3}
 12809 | D:10     | Learned a level 1 spell: Apportation
 12843 | D:10     | Found an iron altar of Okawaru.
 13010 | D:10     | Found a staircase to the Orcish Mines.
 13072 | D:10     | Noticed a two-headed ogre
 13092 | D:10     | Killed a two-headed ogre
 13379 | D:10     | Found a burning altar of Makhleb.
 13509 | D:11     | Noticed a tengu warrior
 13523 | D:11     | Killed a tengu warrior
 13523 | D:11     | Noticed a tengu warrior
 13531 | D:11     | Reached skill level 10 in Spellcasting
 13533 | D:11     | Killed a tengu warrior
 13657 | D:11     | Noticed Gastronok
 13665 | D:11     | Reached **** piety under Sif Muna
 13666 | D:11     | Reached skill level 5 in Alchemy
 13669 | D:11     | Reached skill level 10 in Fighting
 13679 | D:11     | Killed Gastronok
 14438 | D:11     | Noticed a walking crystal tome
 14440 | D:11     | Found Pyow's Book Emporium.
 14442 | D:11     | Noticed a walking frostbound tome
 14529 | D:11     | Found a staircase to the Lair.
 14812 | D:11     | Reached skill level 5 in Invocations
 14915 | D:11     | Reached XP level 12. HP: 68/106 MP: 26/26
 15172 | D:12     | Reached skill level 5 in Dodging
 15502 | D:12     | Identified the +3 acid dragon scales of Reramyg {rF+ rCorr
                  | Str+4}
 15712 | D:12     | Noticed Sundig's ghost (journeyman FoFi)
 15713 | D:12     | Found a runed translucent door.
 16501 | D:13     | Noticed a centaur warrior
 16508 | D:13     | Killed a centaur warrior
 16675 | D:13     | Reached ***** piety under Sif Muna
 16695 | D:13     | Identified the +8 short sword "Aleroc" {elec, rPois rN+
                  | Str+5 Int-5}
 16770 | D:13     | Noticed Frances
 17257 | D:13     | Noticed a catoblepas
 17398 | Orc:1    | Entered Level 1 of the Orcish Mines
 17398 | Orc:1    | Noticed Maurice
 18052 | Orc:1    | Killed Maurice
 18190 | Orc:1    | Reached skill level 10 in Dodging
 18308 | Orc:1    | Found a runed translucent gate.
 18309 | Orc:1    | Found a runed translucent gate.
 18309 | Orc:1    | Found an opulent altar of Gozag.
 18310 | Orc:1    | Found a runed translucent gate.
 18312 | Orc:1    | Noticed osoart's ghost (journeyman DjFE)
 18317 | Orc:1    | Found Denifi's Assorted Antiques.
 18319 | Orc:1    | Found Uzasink's Assorted Antiques.
 18561 | Orc:2    | Entered Level 2 of the Orcish Mines
 18566 | Orc:2    | Reached skill level 1 in Evocations
 18821 | Orc:2    | Found a staircase to the Elven Halls.
 19341 | Orc:2    | Reached XP level 13. HP: 104/113 MP: 13/27
 20009 | Orc:2    | Received a gift from Sif Muna
 20600 | Orc:2    | Found Foggioci's Book Boutique.
 20600 | Orc:2    | Found Abbitin's Magic Scroll Boutique.
 20601 | Orc:2    | Found Hearuos's Armour Boutique.
 20601 | Orc:2    | Found Qifiumir's Distillery.
 20612 | Orc:2    | Bought a scroll of teleportation for 48 gold pieces
 20612 | Orc:2    | Bought a scroll of teleportation for 48 gold pieces
 20612 | Orc:2    | Bought a scroll of teleportation for 48 gold pieces
 20613 | Orc:2    | Bought a potion of heal wounds for 60 gold pieces
 20613 | Orc:2    | Bought a potion of heal wounds for 60 gold pieces
 20613 | Orc:2    | Bought a potion of curing for 36 gold pieces
 20613 | Orc:2    | Bought a potion of cancellation for 96 gold pieces
 20752 | Lair:1   | Entered Level 1 of the Lair of Beasts
 20927 | Lair:1   | Reached skill level 5 in Evocations
 21293 | Lair:1   | Reached skill level 10 in Invocations
 21902 | Lair:2   | Reached skill level 1 in Shields
 22062 | Lair:2   | Received a gift from Sif Muna
 22063 | Lair:2   | Got Sif Muna's Writings on Assaults {god gift}
 22107 | Lair:2   | Learned a level 3 spell: Stone Arrow
 22114 | Lair:2   | Learned a level 6 spell: Bombard
 22379 | Lair:2   | Reached skill level 1 in Earth Magic
 22794 | Lair:2   | Noticed Harold
 22811 | Lair:2   | Killed Harold
 22812 | Lair:2   | Reached skill level 2 in Earth Magic
 23384 | Lair:3   | Noticed Nergalle
 23402 | Lair:3   | Killed Nergalle
 23587 | Lair:3   | Reached skill level 3 in Earth Magic
 24005 | Lair:3   | Found a staircase to the Snake Pit.
 24257 | Lair:3   | Reached skill level 4 in Earth Magic
 24261 | Lair:3   | Reached XP level 14. HP: 102/121 MP: 28/28
 24364 | Lair:3   | Noticed Kirke
 24380 | Lair:3   | Killed Kirke
 24624 | Lair:3   | Reached skill level 5 in Earth Magic
 24662 | Lair:3   | Found a staircase to the Swamp.
 25092 | Lair:4   | Found a viscous altar of Jiyva.
 25132 | Lair:4   | Found a staircase to the Slime Pits.
 25204 | Lair:4   | Noticed Nessos
 25217 | Lair:4   | Killed Nessos
 25705 | Lair:4   | Reached skill level 6 in Earth Magic
 25840 | Lair:4   | Identified the +5 rapier of Sirom {antimagic, rPois Int-3
                  | Dex+4}
 26067 | Lair:5   | Entered Level 5 of the Lair of Beasts
 26893 | Lair:5   | Reached skill level 7 in Earth Magic
 27146 | Lair:5   | Received a gift from Sif Muna
 27147 | Lair:5   | Got Sif Muna's Handbook of Terra Cotta {god gift}
 27203 | Lair:5   | Learned a level 5 spell: Lee's Rapid Deconstruction
 27835 | Lair:5   | Reached skill level 8 in Earth Magic
 28592 | Lair:5   | Identified the +0 cloak of Diunguv {rF- rC++ rCorr Int+8}
 28702 | Lair:5   | Reached skill level 9 in Earth Magic
 29983 | D:13     | Reached skill level 10 in Earth Magic
 30196 | D:13     | Killed Frances
 30197 | D:13     | Reached XP level 15. HP: 49/126 MP: 6/29
 31970 | D:14     | Found a shadowy altar of Dithmenos.
 32298 | D:14     | Found a gate to the Vaults.
 32429 | D:15     | Entered Level 15 of the Dungeon
 32429 | D:15     | Noticed Josephine
 32625 | D:15     | Killed Josephine
 32967 | D:15     | Found a transporter.
 32968 | D:15     | Noticed ChaoticPyre's ghost (journeyman DsGl)
 33010 | D:15     | Found a transporter.
 33579 | D:15     | Reached skill level 11 in Earth Magic
 33781 | D:15     | Found a staircase to the Depths.
 34136 | D:15     | Reached ****** piety under Sif Muna
 34330 | D:15     | Received a gift from Sif Muna
 34926 | D:15     | Identified the ring of Wask {Will+ rCorr Str+3}
 35190 | Swamp:1  | Entered Level 1 of the Swamp
 35410 | Swamp:1  | Noticed Roxanne
 35481 | Swamp:1  | Killed Roxanne
 35762 | Swamp:1  | Noticed a thorn hunter
 35798 | Swamp:1  | Reached skill level 5 in Shields
 36173 | Swamp:1  | Reached skill level 12 in Earth Magic
 36610 | Swamp:1  | Noticed Mlioglotl
 36776 | Swamp:1  | Paralysed by a hornet for 2 turns
 37582 | Swamp:2  | Reached skill level 13 in Earth Magic
 37648 | Swamp:2  | Reached XP level 16. HP: 134/134 MP: 31/31
 37857 | Swamp:3  | Noticed Louise
 38568 | Swamp:3  | Noticed a tentacled monstrosity
 38618 | Swamp:3  | Killed a tentacled monstrosity
 38618 | Swamp:3  | Received a gift from Sif Muna
 38619 | Swamp:3  | Got Sif Muna's Book of Clay and Striking {god gift}
 38708 | Swamp:3  | Learned a level 3 spell: Passwall
 38749 | Swamp:3  | Reached skill level 14 in Earth Magic
 39122 | Swamp:3  | Killed Louise
 39286 | Swamp:3  | Noticed a thorn hunter
 39302 | Swamp:3  | Killed a thorn hunter
 40051 | Swamp:4  | Entered Level 4 of the Swamp
 41015 | Swamp:4  | Reached skill level 15 in Earth Magic
 43210 | Swamp:4  | Identified the +8 morningstar of Sunlight {holy, *Noise
                  | rN++}
 43348 | Swamp:4  | Got a decaying rune of Zot
 43534 | Snake:1  | Entered Level 1 of the Snake Pit
 43724 | Snake:1  | Found Toiplauf's General Store.
 43730 | Snake:1  | Bought a potion of heal wounds for 90 gold pieces
 43730 | Snake:1  | Bought a potion of brilliance for 72 gold pieces
 43730 | Snake:1  | Bought a potion of heal wounds for 90 gold pieces
 43757 | Snake:1  | Found Jowo's Distillery.
 43757 | Snake:1  | Found Byuskist's Armour Shop.
 43810 | Snake:1  | Found Nimn's Weapon Boutique.
 43820 | Snake:1  | Bought a +1 cloak for 149 gold pieces
 45075 | Snake:2  | Reached skill level 16 in Earth Magic
 45328 | Snake:2  | Received a gift from Sif Muna
 45329 | Snake:2  | Got Sif Muna's Catalogue of the Supportive Xenolith {god
                  | gift}
 45467 | Snake:2  | Reached XP level 17. HP: 133/140 MP: 25/33
 49059 | Snake:4  | Entered Level 4 of the Snake Pit
 49252 | Snake:4  | Reached skill level 17 in Earth Magic
 49720 | Snake:4  | Reached skill level 10 in Shields
 50586 | Snake:4  | Received a gift from Sif Muna
 50699 | Snake:3  | Learned a level 6 spell: Eringya's Noxious Bog
 51569 | Snake:4  | Reached skill level 10 in Alchemy
 53361 | Snake:4  | Reached XP level 18. HP: 147/147 MP: 21/35
 54044 | Snake:4  | Got a serpentine rune of Zot
 54559 | Vaults:1 | Entered Level 1 of the Vaults
 55967 | Vaults:1 | Received a gift from Sif Muna
 55968 | Vaults:1 | Got Fojisk's Book of Hurtful Geology {god gift}
 56907 | Vaults:1 | Reached skill level 15 in Spellcasting
 56956 | Vaults:1 | Learned a level 5 spell: Borgnjor's Vile Clutch
 57770 | Vaults:1 | Reached skill level 1 in Necromancy
 59417 | Vaults:2 | Reached skill level 18 in Earth Magic
 60884 | Vaults:2 | Reached XP level 19. HP: 147/158 MP: 25/38
 61058 | Vaults:2 | Received a gift from Sif Muna
 61059 | Vaults:2 | Got Zayffara's Almanac of Misfortune and Battle Magic {god
                  | gift}
 61359 | Vaults:2 | You fall into a shaft and drop 2 floors!
 63232 | Vaults:4 | Learned a level 5 spell: Irradiate
 63241 | Vaults:4 | Learned a level 8 spell: Lehudib's Crystal Spear
 64121 | Vaults:4 | Paralysed by a sphinx for 3 turns
 64586 | Vaults:2 | Reached skill level 19 in Earth Magic
 65129 | Vaults:2 | Identified the +0 robe of Ytrapum {Rampage Regen+ Str+3}
 65149 | Vaults:2 | HP: 7/156 [something (13)]
 65149 | Vaults:2 | HP: 3/156 [skeletal warrior/+0 scimitar (4)]
 65421 | Vaults:2 | Found a staircase to the Crypt.
 67436 | Vaults:3 | Found Uniqumm's Antique Armour Shop.
 68147 | Vaults:3 | Noticed Donald
 68179 | Vaults:3 | Killed Donald
 68307 | Vaults:3 | Identified the +1 falchion of Resourcefulness {flame, rElec
                  | Str+3}
 68318 | Vaults:3 | Reached skill level 15 in Conjurations
 69040 | Vaults:3 | Received a gift from Sif Muna
 69042 | Vaults:3 | Got Sif Muna's Compendium of the Crater and Power {god
                  | gift}
 69282 | Vaults:3 | Reached skill level 20 in Earth Magic
 69920 | Vaults:3 | Paralysed by a formless jellyfish for 1 turns
 70607 | Vaults:2 | Reached XP level 20. HP: 168/168 MP: 0/40
 72005 | Vaults:4 | Reached skill level 21 in Earth Magic
 72080 | Vaults:4 | Identified the +4 arbalest "Ikuw" {penet, Will- Str+5
                  | Int+3}
 72969 | Depths:1 | Entered Level 1 of the Depths
 73135 | Depths:1 | Noticed Mara
 73145 | Depths:1 | Killed Mara
 73146 | Depths:1 | Identified the +6 flail of Zavuexkau {vamp, Int+3}
 73275 | Depths:1 | Found Acoits's Distillery.
 73279 | Depths:1 | Found Ekowkiuk's Antique Armour Shoppe.
 73328 | Depths:1 | Bought a potion of haste for 200 gold pieces
 73332 | Depths:1 | Bought a scorched buckler for 380 gold pieces
 73332 | Depths:1 | Identified the -2 buckler "Ytuv" {rElec rF++ rC- rCorr}
                  | (You bought it in a shop on level 1 of the Depths)
 73337 | Depths:1 | Bought a potion of heal wounds for 100 gold pieces
 73337 | Depths:1 | Bought a potion of curing for 60 gold pieces
 73337 | Depths:1 | Bought a potion of magic for 160 gold pieces
 73980 | Depths:1 | Found a gateway to Hell.
 74278 | Depths:1 | Found a shimmering altar of Xom.
 74289 | Depths:1 | Found a shimmering altar of Xom.
 74289 | Depths:1 | Found a shimmering altar of Xom.
 74290 | Depths:1 | Found a shimmering altar of Xom.
 75134 | Depths:2 | Noticed Asterion
 75155 | Depths:2 | Killed Asterion
 76762 | Depths:2 | Found a one-way gate leading to the halls of Pandemonium.
 77383 | Depths:2 | Received a gift from Sif Muna
 77386 | Depths:2 | Got Lonuzeis's Codex of Momentum and Malignant Rites {god
                  | gift}
 78000 | Depths:2 | Paralysed by a sphinx for 4 turns
 78552 | Depths:2 | Noticed a caustic shrike
 78552 | Depths:2 | Noticed a golden dragon
 78557 | Depths:2 | Killed a caustic shrike
 78745 | Depths:2 | Killed a golden dragon
 79669 | Depths:2 | Got the Elucidation of the Virulent Band
 79677 | Depths:2 | Got the Elucidation of Amalgamated Charms
 80589 | Depths:3 | Found a one-way gate to the infinite horrors of the Abyss.
 80609 | Abyss:3  | Cast into level 3 of the Abyss (an occultist)
 81126 | Depths:3 | Escaped the Abyss
 81369 | Depths:3 | Reached XP level 21. HP: 174/174 MP: 27/42
 81949 | Depths:3 | Found Nasigun's Book Boutique.
 82213 | Depths:3 | Noticed a juggernaut
 82800 | Depths:3 | Found a transporter.
 82922 | Depths:3 | Learned a level 9 spell: Shatter
 83226 | Depths:4 | Entered Level 4 of the Depths
 83311 | Depths:4 | Noticed a golden dragon
 84149 | Depths:4 | Found a corrupted altar of Lugonu.
 84266 | Depths:4 | Found a one-way gateway to a ziggurat.
 84562 | Depths:4 | Noticed Sojobo
 84624 | Depths:4 | Killed Sojobo
 84634 | Depths:4 | Reached skill level 22 in Earth Magic
 86024 | Depths:4 | Killed a golden dragon
 87912 | Depths:4 | Noticed a caustic shrike
 87920 | Depths:4 | Noticed a caustic shrike
 87920 | Depths:4 | Noticed a caustic shrike
 87920 | Depths:4 | Noticed a caustic shrike
 88832 | Depths:4 | Found a gate to the Realm of Zot.
 89086 | Elf:1    | Entered Level 1 of the Elven Halls
 89437 | Abyss:3  | Found a corrupted altar of Lugonu.
 89437 | Abyss:3  | Cast into level 3 of the Abyss (a deep elf demonologist)
 89661 | Abyss:3  | Found a corrupted altar of Lugonu.
 89991 | Abyss:3  | Found a corrupted altar of Lugonu.
 90125 | Abyss:3  | Reached skill level 23 in Earth Magic
 90186 | Abyss:3  | Noticed a profane servitor
 90480 | Elf:1    | Escaped the Abyss
 90989 | Elf:1    | Found a huge runed translucent gate.
 91661 | Elf:1    | Found a huge runed translucent gate.
 91661 | Elf:1    | Found a huge runed translucent gate.
 91953 | Elf:1    | Found a huge runed translucent gate.
 91954 | Elf:1    | Found a huge runed translucent gate.
 91954 | Elf:1    | Found a huge runed translucent gate.
 91955 | Elf:1    | Found a huge runed translucent gate.
 91956 | Elf:1    | Found a huge runed translucent gate.
 91956 | Elf:1    | Found a huge runed translucent gate.
 91956 | Elf:1    | Found a huge runed translucent gate.
 91957 | Elf:1    | Found a huge runed translucent gate.
 91957 | Elf:1    | Found a huge runed translucent gate.
 91957 | Elf:1    | Found a huge runed translucent gate.
 91957 | Elf:1    | Found a huge runed translucent gate.
 91957 | Elf:1    | Found a huge runed translucent gate.
 91957 | Elf:1    | Found a huge runed translucent gate.
 91957 | Elf:1    | Found a huge runed translucent gate.
 91958 | Elf:1    | Found a huge runed translucent gate.
 91958 | Elf:1    | Found a huge runed translucent gate.
 91958 | Elf:1    | Found a huge runed translucent gate.
 92912 | Elf:2    | Received a gift from Sif Muna
 93432 | Elf:2    | Found a runed translucent door.
 93673 | Orc:2    | Bought a scroll of acquirement for 832 gold pieces
 93677 | Orc:2    | Acquired 609 gold pieces
 93782 | D:9      | Bought a potion of haste for 310 gold pieces
 93782 | D:9      | Bought a scroll of teleportation for 93 gold pieces
 93782 | D:9      | Bought a scroll of teleportation for 93 gold pieces
 94015 | Snake:1  | Bought a potion of curing for 39 gold pieces
 94015 | Snake:1  | Bought a potion of heal wounds for 65 gold pieces
 94015 | Snake:1  | Bought a potion of heal wounds for 65 gold pieces
 94015 | Snake:1  | Bought a potion of cancellation for 104 gold pieces
 94705 | Elf:2    | Found Getoonirch's Antique Armour Boutique.
 95002 | Elf:2    | Found a runed translucent gate.
 95068 | Elf:2    | Found a runed translucent gate.
 95070 | Elf:2    | Found a runed translucent gate.
 95270 | Elf:2    | Found a shimmering altar of Xom.
 95270 | Elf:2    | Noticed Azoth's ghost (journeyman HOFi)
 95391 | Elf:3    | Entered Level 3 of the Elven Halls
 95594 | Elf:3    | Reached XP level 22. HP: 157/189 MP: 3/44
 95848 | Elf:3    | Reached skill level 24 in Earth Magic
 95898 | Elf:3    | Identified the +12 short sword "Ruq Cea" {speed, *Noise
                  | rN+++ Will- Str+4}
 96256 | Elf:3    | Found Buih's Jewellery Shop.
 96256 | Elf:3    | Found Qofabog's Book Emporium.
 96257 | Elf:3    | Found Naocuti's Book Emporium.
 97817 | Elf:3    | Identified the +6 shortbow of Untimely Demise {drain,
                  | *Corrode Int+3 SInv Stlth+}
 97852 | Elf:3    | Got the Vellum of the Elliptic Tropics
 97886 | Elf:3    | Identified the +7 great sword "Suudwiar" {protect, MP-9
                  | Str+3 Int+3 Stlth+}
 98085 | Elf:3    | Reached skill level 25 in Earth Magic
 98199 | Elf:3    | Identified the +6 trident "Killer Klown's Curse" {drain,
                  | *Slow Dex+3 SInv}
 98199 | Elf:3    | Identified the ring "Juufi Exki" {rPois Str+6 SInv}
 98292 | Elf:3    | Identified the ring of Finality {Ice ^Contam Will+++ rCorr
                  | MP+9}
 98295 | Elf:3    | Identified the staff of the Grave {rElec rPois Air}
 98321 | Elf:3    | Got Atibluso's Notes on the Fateful Winter
 98356 | Elf:3    | Got Sif Muna's Catalogue of the Blizzard and Accelerants
 98779 | Vaults:5 | Entered Level 5 of the Vaults
 99401 | Vaults:5 | Received a gift from Sif Muna
 99407 | Vaults:4 | Reached skill level 15 in Fighting
102063 | Vaults:5 | Got Piheomn's Anthology of Power {god gift}
102504 | Vaults:5 | Noticed an ancient lich
102515 | Vaults:5 | Killed an ancient lich
102516 | Vaults:5 | Reached XP level 23. HP: 192/199 MP: 21/46
104495 | Vaults:5 | Identified the +3 leather armour of the Swan {^Contam
                  | Str+5}
104778 | Vaults:5 | Identified the ring "Geannus" {rN+ rCorr Int+7 Stlth-}
104852 | Vaults:5 | Identified the +7 longbow of the Bouncing Teeth {heavy,
                  | rElec rPois rF- Stlth+}
104879 | Vaults:5 | Identified the +0 helmet "Rubb" {Int+4 Dex+3 SInv}
105050 | Vaults:5 | Identified the +8 shortbow "Death Rattle" {freeze, ^Drain
                  | rN++ rCorr SInv}
105149 | Vaults:5 | Identified the +4 rapier of Vodka {protect, *Corrode Str+2
                  | Int+4 Stlth+}
105158 | Vaults:5 | Got a silver rune of Zot
105163 | Vaults:5 | Identified the +3 orcbow of Veguxoig {drain, rElec}
105330 | Vaults:5 | Got Sif Muna's Folio of the Coals
105732 | Zot:1    | Entered Level 1 of the Realm of Zot
105822 | Zot:1    | Reached skill level 26 in Earth Magic
106905 | Zot:1    | Noticed a curse toe
109388 | Zot:2    | Received a gift from Sif Muna
109821 | Zot:2    | Got Dalog's Teachings on the Mob and the Snowflakes {god
                  | gift}
109966 | Zot:3    | Noticed Aldia's ghost (veteran AtFi)
109966 | Zot:3    | Noticed Fiowez's ghost (veteran HuAl)
109966 | Zot:3    | Noticed Udaatz Gaow's ghost (veteran MiBe)
109967 | Zot:3    | Found a runed translucent gate.
109967 | Zot:3    | Found a runed translucent gate.
109967 | Zot:3    | Found a runed translucent gate.
110334 | Zot:3    | Learned a level 5 spell: Iskenderun's Battlesphere
111739 | Zot:3    | Noticed a curse toe
111741 | Zot:3    | Killed a curse toe
111977 | Zot:3    | Killed Fiowez's ghost
112331 | Zot:3    | Identified the +4 scimitar "Zytsy" {flame, Int+4 Stlth+}
113584 | Zot:4    | Reached XP level 24. HP: 173/216 MP: 7/47
113649 | Zot:3    | Gained mutation: You occasionally lose the ability to read
                  | scrolls when taking damage. [mutagenic glow]
113912 | Zot:2    | Killed Udaatz Gaow's ghost
113912 | Zot:2    | Gained mutation: You occasionally shout uncontrollably at
                  | your foes. [mutagenic glow]
114083 | Zot:3    | Killed Aldia's ghost
114385 | Zot:3    | Lost mutation: You occasionally lose the ability to read
                  | scrolls when taking damage. [potion of mutation]
114385 | Zot:3    | Lost mutation: You occasionally shout uncontrollably at
                  | your foes. [potion of mutation]
114385 | Zot:3    | Gained mutation: You occasionally shout uncontrollably at
                  | your foes. [potion of mutation]
114385 | Zot:3    | Gained mutation: You are agile. (Dex +4, Str/Int -1)
                  | [potion of mutation]
115153 | Zot:4    | Found a viscous altar of Jiyva.
115388 | Zot:4    | Reached skill level 10 in Evocations
115749 | Zot:5    | Entered Level 5 of the Realm of Zot
116992 | Zot:5    | Noticed an ancient lich
117023 | Zot:5    | Killed an ancient lich
117363 | Zot:5    | Noticed an orb of fire
117370 | Zot:5    | Killed an orb of fire
117762 | Zot:5    | Noticed a Killer Klown
117781 | Zot:5    | Noticed a Killer Klown
117812 | Zot:5    | Killed a Killer Klown
118056 | Zot:5    | Noticed an orb of fire
118059 | Zot:5    | Gained mutation: You occasionally lose the ability to read
                  | scrolls when taking damage. [an orb of fire]
118061 | Zot:5    | Gained mutation: You occasionally lose the ability to drink
                  | potions when taking damage. [an orb of fire]
118070 | Zot:5    | Killed an orb of fire
118377 | Zot:5    | Lost mutation: You are agile. (Dex +4, Str/Int -1) [potion
                  | of mutation]
118377 | Zot:5    | Lost mutation: You occasionally lose the ability to read
                  | scrolls when taking damage. [potion of mutation]
118378 | Zot:5    | Lost mutation: You occasionally lose the ability to drink
                  | potions when taking damage. [potion of mutation]
118378 | Zot:5    | Lost mutation: You occasionally shout uncontrollably at
                  | your foes. [potion of mutation]
118378 | Zot:5    | Gained mutation: Your muscles are strong. (Str +4, Int/Dex
                  | -1) [potion of mutation]
118378 | Zot:5    | Gained mutation: You are dopey. (Int -2) [potion of
                  | mutation]
118964 | Zot:5    | Noticed a Killer Klown
118968 | Zot:5    | Killed a Killer Klown
118969 | Zot:5    | Reached skill level 1 in Maces & Flails
119237 | Zot:5    | Noticed a dread lich
119238 | Zot:5    | Noticed an orb of fire
119238 | Zot:5    | Noticed a Killer Klown
119269 | Zot:5    | Killed from afar by an orb of fire

Illustrated notes

Levels and vault maps discovered:
D:1:      heliophobic_arrival_ceremonial_halls, layout_basic
D:2:      layout_loops_ring, ebering_ecumenical_altar_mist,
          minmay_indecisive_spiral
D:3:      wander_river, layout_basic, yredelemnul_altar_generic,
          gup_sewer_entry_glass, grunt_ministairs_15, minmay_misc_feat_chi
D:4:      layout_basic, mainiacjoe_overflow_24_doors, serial_shops,
          nicolae_shop_gibbet_a_chance
D:5:      layout_basic, lemuel_crystal_altar, minivault_11,
          uniq_crazy_yiuf_cottage
D:6:      layout_rooms, mainiacjoe_overflow_divided_tiny,
          minmay_temple_entry_grid
D:7:      layout_gridville, uniq_pikel, uniq_duvessa
D:8:      corexii_shack_village, layout_cave_pools,
          beargit_hepliaklqana_dungeon_heroes,
          mainiacjoe_overflow_surrounded_room, nemelex_diamond_rough_becter
D:9:      layout_cave_pools, grunt_qazlal_sundering, serial_shops,
          kennysheep_mini_moat, nicolae_shop_competitors_out_of_business,
          grunt_ministairs_1, serial_bayou_crossing, uniq_grum
D:10:     layout_basic, lemuel_crystal_altar, okawaru_gym_becter,
          minmay_orc_entry_temple_small
D:11:     layout_cave_pools, erik_lair_orcish_takeover, gauntlet_entry_generic,
          serial_shops, nicolae_shop_mannequins, uniq_gastronok
D:12:     layout_basic, hellmonk_ghost_happy_afterlife
D:13:     layout_loops_ring, minmay_misc_feat_four_crosses, uniq_frances
D:14:     layout_basic, david_vaults_4, minmay_misc_feat_hallway,
          nicolae_dithmenos_through_a_glass_darkly
D:15:     grunt_enter_depths_snipers, layout_loops_ring,
          chequers_hall_statues_wall_a, serial_rivers,
          chequers_serial_rivers_small_a, chequers_serial_rivers_room_b,
          chequers_serial_rivers_micro_d, chequers_serial_rivers_large_a,
          gammafunk_ghost_hive, uniq_josephine
Temple:   bh_familiar_temple
Lair:1:   layout_big_grid, roderic_batcave
Lair:2:   layout_cave_pods, serial_bayou_shore_a, grunt_megastairs_4,
          uniq_harold
Lair:3:   layout_loops_ring, nicolae_swamp_entry_splash_gauntlet,
          alex1729_snake_entry_snake, portal_ice_cave_entry_pillars_1,
          uniq_kirke, uniq_nergalle
Lair:4:   layout_hall_layers, slime_entry_1, uniq_nessos
Lair:5:   minmay_lair_end_enchanted_forest, layout_regular_city,
          serial_bayou_lagoon_b, lemuel_fruit_fields, grunt_megastairs_3
Swamp:1:  layout_basic_swamp, evilmike_swamp_ruin_house_1, swamp_pool_5,
          nicolae_swamp_triple_paths, uniq_mlioglotl, uniq_roxanne
Swamp:2:  layout_falls_marsh, infiniplex_staircase_pool, swamp_pool_1_2
Swamp:3:  layout_falls_marsh, evilmike_swamp_ruin_house_5, uniq_louise
Swamp:4:  swamp, layout_basic_swamp, swamp_pool_1_2
Snake:1:  layout_misc_corridors, serial_shops, shop, minmay_shop_star
Snake:2:  layout_onion, uniq_vashnia
Snake:3:  layout_onion_interference, nicolae_snake_shapes
Snake:4:  minmay_snake_end_coiled, layout_onion
Orc:1:    layout_caves, basic_altar, ebering_ghost_gozag, uniq_maurice
Orc:2:    st_orc_pillars, layout_diamond_mine
Elf:1:    eino_elf_arrival_customs, layout_loops_corners,
          hangedman_elf_represent
Elf:2:    nicolae_elf_blades_splatter_lattice
          [nicolae_blade_entry_floor_patterns], layout_gridlike,
          ebering_ghost_xom, serial_shops, shop, moated_statue
Elf:3:    minmay_elf_hall, layout_geoelf_diagonals, grunt_ministairs_6,
          drop_trap, nicolae_elf_crossing_hall, minmay_shop_grove
Vaults:1: nicolae_vaults_octothorpe, nicolae_vaults_doubleplus_tesselated,
          nicolae_vaults_sesquioval_fish, nicolae_vaults_mini_display_case,
          dpeg_vaults_pockets_of_resistance, nicolae_vaults_little_squares_6,
          vaults_standard_mumra_enter_the_diamond, v_misc_26,
          nicolae_vaults_network_barrier, nicolae_vaults_little_squares_6,
          nicolae_vaults_trapezoid_2, nicolae_vaults_two_Ls,
          nicolae_vaults_little_ls, layout_vaults_omnicross
Vaults:2: minmay_crypt_entry_simple_sparse, vaults_dpeg_spiral,
          nicolae_vaults_two_Ls, hangedman_vaults_capsules,
          layout_vaults_omnigrid
Vaults:3: nicolae_vaults_diagonal_hallway_7, vaults_room_pools,
          ontoclasm_vaults_claustrophobia, nicolae_vaults_puzzle_piece,
          vaults_room_corners, st_lines, nicolae_vaults_trapezoid_lopsided_2,
          grunt_vaults_twisty, vaults_room_ringed_pool,
          hangedman_vaults_stitches, nicolae_vaults_house_1, v_misc_31,
          nicolae_vaults_closet_pinwheel_4, vaults_dpeg_cross,
          layout_vaults_maze_bifur, serial_shops, shop, uniq_donald
Vaults:4: nicolae_vaults_hexular_roomagon, nicolae_vaults_more_shelving_2,
          nicolae_vaults_house_3, nicolae_vaults_mitosis,
          nicolae_vaults_shelves_hall, v_misc_8, v_misc_14, v_misc_9, v_misc_5,
          nicolae_vaults_trapezoid_2, nicolae_vaults_trapezoid_3,
          nicolae_vaults_surprise_closet, layout_vaults_ring
Vaults:5: serial_shops
Depths:1: layout_basic, pf_hell_entry_tar_river,
          serial_library_hellmonk_reading_circle, kennysheep_donut,
          nicolae_wooded_promenade, hangedman_decor_growths, xom_redecorated,
          uniq_mara
Depths:2: cheibrodos_leafed_vault, layout_twisted_cross, pan_entry,
          pf_vacation_house_of_asmodeus, nicolae_concentric_dashed_squares_wild,
          uniq_asterion
Depths:3: emtedronai_trogs_sanctum, layout_basic,
          nicolae_abyss_entry_one_way_or_another, serial_rivers,
          chequers_serial_rivers_small_b, chequers_serial_rivers_small_b,
          chequers_serial_rivers_micro_c, chequers_serial_rivers_micro_e,
          chequers_serial_rivers_micro_a, serial_shops,
          nicolae_shop_tiny_real_fake_doors, rand_demon_pan_entry_7, hell_entry,
          minivault_21
Depths:4: evilmike_zot_entry_hall, layout_basic, enter_ziggurat_a,
          grunt_hell_horde, abyss_entry_flame_altar, minmay_strange_pillars,
          uniq_sojobo
Zot:1:    layout_gridlike
Zot:2:    layout_gridlike, hangedman_zot_decor_slant, uniq_josephina, uniq_grunn
Zot:3:    layout_onion_interference, bh_zot_levy_curve,
          gammafunk_ghost_cemetery, st_single_dragon_hoard_2
Zot:4:    layout_gridlike, regret_index_zotdec_slimy_original
Zot:5:    layout_basic

Skill      XL: |  1  2  3  4  5  6  7  8  9 10 11 12 13 14 15 16 17 18 19 20 21 22 23 24 |
---------------+-------------------------------------------------------------------------+-----
Conjurations   | 5 6 7 8 9 10 12 13 15 17 | 17.0
Spellcasting   | 3 4 6 8 9 10 11 12 13 15 16 17 18 19 20 | 20.8
Translocations | 2 4 |  4.0
Fighting       | 2 5 6 8 10 11 12 14 15 17 19 | 19.0
Alchemy        | 2 5 7 9 11 12 | 12.0
Stealth        | 3 6 |  6.0
Dodging        | 4 10 | 10.0
Invocations    | 5 6 10 | 10.0
Evocations     | 2 5 8 10 | 10.0
Shields        | 2 5 8 10 | 10.0
Earth Magic    | 4 10 13 16 17 18 20 21 23 25 26 | 26.2
Necromancy     | 4 |  4.0
Maces & Flails | 2 |  2.8

Action                     |  1- 3 |  4- 6 |  7- 9 | 10-12 | 13-15 | 16-18 | 19-21 | 22-24 || total
---------------------------+-------+-------+-------+-------+-------+-------+-------+-------++-------
  Melee: Unarmed           |    43 |       |       |       |       |       |       |       ||    43
         Tailslap          |     7 |    15 |     5 |    36 |    61 |    37 |    34 |     9 ||   204
         Punch             |     2 |       |       |     1 |     4 |       |       |       ||     7
         Short sword       |    49 |    69 |       |       |       |       |       |       ||   118
         Dagger            |       |    40 |    15 |       |       |       |       |       ||    55
         Mace              |       |       |    24 |   200 |   320 |   142 |   123 |    44 ||   853
         Shillelagh        |       |       |       |       |    18 |       |       |       ||    18
         Staff             |       |       |       |       |       |       |       |     6 ||     6
   Cast: Magic Dart        |    18 |       |       |       |       |       |       |       ||    18
         Searing Ray       |    23 |    30 |    53 |    91 |    19 |       |       |       ||   216
         Iskenderun's Myst |       |       |    16 |    33 |    51 |    30 |     9 |       ||   139
         Fulminant Prism   |       |       |    20 |    57 |    31 |     1 |       |       ||   109
         Olgreb's Toxic Ra |       |       |       |    55 |   239 |   129 |   108 |    54 ||   585
         Blink             |       |       |       |     1 |     1 |     1 |     7 |       ||    10
         Stone Arrow       |       |       |       |       |   375 |   215 |    51 |       ||   641
         Lee's Rapid Decon |       |       |       |       |     7 |    69 |    14 |     2 ||    92
         Bombard           |       |       |       |       |       |   452 |   554 |   276 ||  1282
         Borgnjor's Vile C |       |       |       |       |       |    51 |   303 |   110 ||   464
         Eringya's Noxious |       |       |       |       |       |     1 |       |       ||     1
         Irradiate         |       |       |       |       |       |       |    85 |    55 ||   140
         Lehudib's Crystal |       |       |       |       |       |       |    17 |    99 ||   116
         Shatter           |       |       |       |       |       |       |     1 |    73 ||    74
         Apportation       |       |       |       |       |       |       |     1 |     2 ||     3
         Iskenderun's Batt |       |       |       |       |       |       |       |    10 ||    10
 Invoke: Channel Magic     |       |       |       |       |     2 |     1 |     2 |     2 ||     7
  Evoke: Wand              |       |       |     1 |     1 |     2 |     5 |    23 |     8 ||    40
         Box of beasts     |       |       |       |       |       |       |       |     2 ||     2
    Use: Scroll            |       |    11 |     5 |    12 |    16 |     5 |    15 |     7 ||    71
         Potion            |       |       |       |     4 |     6 |     9 |    28 |    15 ||    62
   Stab: Sleeping          |     2 |     6 |       |     2 |     1 |       |       |       ||    11
         Distracted        |       |       |       |     2 |       |       |     1 |       ||     3
         Invisible         |       |       |       |       |     3 |       |       |       ||     3
 Armour: Skin              |    78 |    77 |   115 |   373 |   594 |   534 |   627 |   489 ||  2887
  Dodge: Dodged            |   104 |    88 |   104 |   439 |   718 |   401 |   472 |   296 ||  2622
  Block: Buckler           |       |       |       |       |    79 |       |     5 |       ||    84
         Kite shield       |       |       |       |       |    98 |   439 |   476 |   247 ||  1260
         Reflection        |       |       |       |       |     2 |    52 |    37 |    16 ||   107

Table legend: (Time is in decaauts)
 A = Elapsed time spent in this place.
 B = Non-inter-level travel time spent in this place.
 C = Inter-level travel time spent in this place.
 D = Time resting spent in this place.
 E = Time spent auto-exploring this place.
 F = Levels seen in this place.
 G = Mean time per level.
                   A        B        C        D        E       F      G
               +--------+--------+--------+--------+--------+-----+--------+
         Total | 120560 | 115084 |   5476 |  56902 |  32807 |  50 | 2411.2 |
       Dungeon |  24613 |  22683 |   1930 |   7664 |   9874 |  15 | 1640.9 |
        Temple |     78 |     27 |     51 |     25 |      0 |   1 |   78.0 |
          Lair |   9720 |   8958 |    762 |   1930 |   4741 |   5 | 1944.0 |
         Swamp |   8391 |   8289 |    102 |   4875 |   1630 |   4 | 2097.8 |
     Snake Pit |  10963 |  10692 |    271 |   6009 |   2487 |   4 | 2740.8 |
  Orcish Mines |   2834 |   2519 |    315 |    952 |    819 |   2 | 1417.0 |
   Elven Halls |   7823 |   7399 |    424 |   2649 |   3237 |   3 | 2607.7 |
        Vaults |  25337 |  24538 |    799 |  14993 |   5027 |   5 | 5067.4 |
        Depths |  15644 |  15012 |    632 |   9071 |   3086 |   4 | 3911.0 |
           Zot |  13558 |  13372 |    186 |   7689 |   1906 |   5 | 2711.6 |
         Abyss |   1594 |   1594 |      0 |   1043 |      0 |   2 |  797.0 |
               +--------+--------+--------+--------+--------+-----+--------+

Top non-repeatable levels by time:
Vaults:4: 8783 daAuts
Vaults:2: 5446 daAuts
Vaults:1: 5214 daAuts
Depths:2: 4719 daAuts
 Snake:4: 4699 daAuts
Vaults:3: 4075 daAuts
Depths:4: 4067 daAuts
Depths:3: 3909 daAuts
 Swamp:3: 3678 daAuts
  Lair:5: 3596 daAuts
   Zot:5: 3518 daAuts
   Elf:3: 3149 daAuts
   Zot:2: 3101 daAuts
   Elf:1: 3035 daAuts
Depths:1: 2947 daAuts
